 Dungeon Crawl Stone Soup version 0.20-a0-432-g25cc1b4 (webtiles) character file.

54416 namelastname112 the Martial Artist (level 14, -1/122 HPs)
             Began as a Black Draconian Transmuter on Dec 17, 2016.
             Was a Follower of Uskayaw.
             Slain by a fire crab (6 damage)
             ... on level 6 of the Lair of Beasts on Jan 2, 2017.
             The game lasted 00:52:35 (24137 turns).

namelastname112 the Martial Artist (DrTm)          Turns: 24137, Time: 00:52:36

Health: -1/122     AC: 11    Str: 13    XL:     14   Next: 34%
Magic:  20/23      EV:  2    Int: 18    God:    Uskayaw [*.....]
Gold:   924        SH:  0    Dex: 16    Spells: 3/26 levels left

rFire  . . .     SeeInvis .       - Unarmed
rCold  . . .     Gourm    .     (armour unavailable)
rNeg   + + +     Faith    .     (shield currently unavailable)
rPois  ∞         Spirit   .     (helmet restricted)
rElec  +         Reflect  .     i - +0 cloak
rCorr  .         Harm     .     (gloves currently unavailable)
MR     +....                    C - +1 pair of boots
Stlth  +.........               P - amulet of Intercession {Regen+ Dex+2}
                                v - +3 ring of evasion
                                G - ring of wizardry

@: blade hands, petrified, flying, repel missiles
A: breathe lightning, unfitting armour, big wings, horns 1, stinger 1, clever 1,
electricity resistance, wild magic 1, cold-blooded, AC +8
a: Breathe Lightning, Stop Flying, End Transformation, Stomp, Renounce Religion


You were on level 6 of the Lair of Beasts.
You worshipped Uskayaw.
Uskayaw was aware of your devotion.
You were not hungry.
You had blades for hands.
You visited 2 branches of the dungeon, and saw 18 of its levels.
You also visited: Labyrinth and Ice Cave.

You collected 1292 gold pieces.
You spent 368 gold pieces at shops.

Inventory:

Missiles
 a - 298 arrows
Armour
 i - a +0 cloak (worn)
 C - a +1 pair of boots (worn)
 E - a +1 pair of gloves (melded)
Jewellery
 b - an uncursed ring of protection from cold
 l - an uncursed ring of resist corrosion
 v - a +3 ring of evasion (right scythe-like blade)
 D - a +3 ring of evasion
 G - a ring of wizardry (left scythe-like blade)
 M - an uncursed ring of positive energy
 P - the amulet of Intercession (around neck) {Regen+ Dex+2}
   (You found it on level 2 of the Lair of Beasts)

   [amulet of regeneration]

   It affects your dexterity (+2).
   It increases your rate of regeneration.
 R - a cursed ring of loudness {unknown}
Wands
 g - a wand of acid (0/15)
 p - a wand of iceblast (8/15)
 s - a wand of enslavement (11/24)
 t - a wand of lightning (0/15)
 A - a wand of random effects (19/48)
 F - a wand of flame (23/48)
 I - a wand of paralysis (11/24)
 J - a wand of random effects (14/48)
 K - a wand of lightning (8/15)
 L - a wand of iceblast (5/15)
 N - a wand of enslavement (13/24)
Scrolls
 k - 7 scrolls of remove curse
 q - 4 scrolls of teleportation
 w - 3 scrolls of recharging
 x - 3 scrolls of amnesia
 y - a scroll of immolation
 S - 2 scrolls of identify
 T - 2 scrolls of enchant weapon
 V - a scroll of magic mapping
Potions
 d - 4 potions of haste
 e - 2 potions of ambrosia
 f - a potion of resistance
 h - 5 potions of berserk rage
 j - 6 potions of lignification
 m - 2 potions of magic
 o - 12 potions of curing
 r - 4 potions of heal wounds
 z - 2 potions of flight
 B - 2 potions of agility
 O - 2 potions of might
Books
 U - a book of Minor Magic

   Spells                             Type                      Level
   a - Magic Dart                     Conjuration                  1
   b - Blink                          Translocation                2
   c - Call Imp                       Summoning                    2
   d - Repel Missiles                 Charms/Air                   2
   e - Slow                           Hexes                        2
   f - Conjure Flame                  Conjuration/Fire             3
   g - Mephitic Cloud                 Conjuration/Poison/Air       3
Comestibles
 c - 12 bread rations
 n - 5 meat rations
 H - 5 royal jellies
 Q - 4 fruits


   Skills:
 - Level 10.9 Fighting
 + Level 11.0 Dodging
 * Level 13.3 Unarmed Combat
 - Level 6.5 Spellcasting
 - Level 5.8 Charms
 - Level 9.2 Transmutations
 - Level 4.0 Air Magic
 - Level 8.8 Invocations


You had 3 spell levels left.
You knew the following spells:

 Your Spells              Type           Power        Failure   Level  Hunger
a - Confusing Touch       Hex            #.....       28%         1    None
b - Repel Missiles        Chrm/Air       ####..       12%         2    None
c - Spider Form           Tmut/Pois      ####......   21%         3    ##.....
d - Regeneration          Chrm/Necr      ###.......   28%         3    ##.....
e - Apportation           Tloc           #.........   28%         1    None
f - Passwall              Tmut/Erth      ####......   13%         2    None
g - Ice Form              Ice/Tmut       ####....     38%         4    ####...
s - Blade Hands           Tmut           ######....   26%         5    #####..
x - Sticks to Snakes      Tmut           ######..     7%          2    None


Dungeon Overview and Level Annotations

Branches:
Dungeon (12/15)            Temple (0/1) D:7            Lair (6/6) D:8
  Swamp (0/4) Lair:2       Spider (0/4) Lair:2          Orc (0/2) D:10
  Slime: Lair:5-6

Altars:
Cheibriados
Elyvilon
Hepliaklqana
Kikubaaqudgha
Sif Muna
Trog
Uskayaw
Vehumet
Yredelemnul

Shops:
D:9 [   D:11 ?[*[!


Innate Abilities, Weirdness & Mutations

You can breathe wild blasts of lightning.
Your glossy black scales are hard. (AC +8)
You cannot fit into any form of body armour.
Your large and strong wings let you fly indefinitely.
You are resistant to electric shocks. (rElec)
You are cold-blooded and may be slowed by cold attacks.
You have a pair of small horns on your head.
Your tail ends in a poisonous barb.
Your mind is acute. (Int +2)
Your spells are a little harder to cast, but a little more powerful.


Message History

The komodo dragon bites you! The fire crab bites you.
You are engulfed in flames!
The fire crab completely misses you. The komodo dragon bites you!!
The fire crab bites you.
You are engulfed in flames!
The fire crab claws you but does no damage.
The komodo dragon bites you but does no damage.
The fire crab bites you!
You are engulfed in flames!
The fire crab claws you!
You are engulfed in flames!
* * * LOW HITPOINT WARNING * * *
The komodo dragon bites you!!
* * * LOW HITPOINT WARNING * * *
The fire crab bites you.
* * * LOW HITPOINT WARNING * * *
You are engulfed in flames!
* * * LOW HITPOINT WARNING * * *
The fire crab claws you but does no damage.
The komodo dragon bites you!!
* * * LOW HITPOINT WARNING * * *
The fire crab bites you!
You die...

..........PP.##..#
.#...............#
####.##.##P#....## #
##########....## # ##..P.#
#....# ### ##...# ##...
######.# #..l## #.....
##...P.## ##..@.## .PP...
#.......#####.##t#.# #....#
.......^.P.#.##.l.## ....###
#...........##.....# ##.......
#PP.........#.#.P..####......#.
##P.##............#÷...........
#####P.P......................
## #PP..........##.........l...
.###...........####............


You could see a fire crab, a komodo dragon and a basilisk.

Vanquished Creatures
  Kirke (Lair:5)
  A white draconian (IceCv)
  4 hydras
  A death knight (D:12)
  3 two-headed ogres
  A death yak (IceCv)
  The ghost of Nuatha the Carver, a journeyman VSAK of Lugonu (Lair:1)
  2 unseen horrors
  Pikel (D:4)
  4 ugly things
  3 oklob plants (Lair:1)
  2 manticores (D:11)
  An elephant (Lair:6)
  4 black mambas
  11 spiny frogs
  4 komodo dragons
  4 rime drakes
  2 ice devils (Lair:1)
  A queen bee (Lair:1)
  A jumping spider (Lair:2)
  12 polar bears
  3 trolls
  A hornet (Lair:6)
  3 tyrant leeches (Lair:2)
  15 blink frogs
  7 dream sheep (Lair:4)
  Prince Ribbit (D:6)
  4 slime creatures (D:12)
  9 hippogriffs
  4 redbacks
  A water elemental (D:12)
  5 wyverns
  A spriggan (D:7)
  Sigmund (D:6)
  3 basilisks
  51 yaks
  Grum (D:7)
  2 hungry ghosts
  A hog (Lair:5)
  2 wargs (D:8)
  Menkaure (D:7)
  12 water moccasins
  9 porcupines
  6 orc warriors
  An eye of draining (D:9)
  5 ice beasts
  A phantom (D:7)
  5 ogres
  A sky beast (D:9)
  4 slaves (D:4)
  15 wolves
  7 centaurs
  13 crocodiles
  2 big kobolds
  12 bullfrogs
  4 scorpions
  26 killer bees
  3 howler monkeys
  5 wights (D:12)
  A bullfrog zombie (D:10)
  3 centaur zombies
  7 crimson imps
  6 hounds
  3 quasits
  2 jellies
  11 orc priests
  Crazy Yiuf (D:2)
  2 bullfrog skeletons
  A gnoll shaman (D:6)
  12 orc wizards
  Jessica (D:2)
  4 iguanas
  Natasha (thrice) (D:4)
  Ijyb (D:3)
  7 worker ants
  A killer bee zombie (D:6)
  A hound skeleton (D:7)
  Robin (D:4)
  A worker ant zombie (D:5)
  18 adders
  9 gnolls (D:6)
  A shadow imp (D:9)
  3 oozes
  An adder zombie (D:7)
  2 adder skeletons
  A dart slug (D:1)
  A leopard gecko (D:4)
  55 orcs
  A ball python (D:6)
  4 bats
  4 giant cockroaches
  9 goblins
  16 hobgoblins
  11 jackals
  10 quokkas
  2 frilled lizards (D:2)
  2 gnoll zombies (D:7)
  A jackal skeleton (D:7)
  17 kobolds
  2 leopard gecko skeletons
  A quokka skeleton (D:6)
  A quokka zombie (D:5)
  3 rats
  3 fungi (D:12)
  A plant (Lair:1)
559 creatures vanquished.

Vanquished Creatures (collateral kills)
  A minotaur (Lab)
  A manticore (D:12)
  A tyrant leech (Lair:2)
  3 killer bees
6 creatures vanquished.

Vanquished Creatures (others)
  2 quokkas (D:7)
  A kobold (D:1)
  4 fungi
  A plant (Lair:1)
8 creatures vanquished.

Grand Total: 573 creatures vanquished

Notes
Turn   | Place    | Note
-------+----------+-------------------------------------------
     0 | D:1      | namelastname112 the Draconian Transmuter began the quest for the Orb.
     0 | D:1      | Reached XP level 1. HP: 16/16 MP: 3/3
   115 | D:1      | Reached XP level 2. HP: 16/23 MP: 5/5
   119 | D:1      | Learned a level 2 spell: Sticks to Snakes
   472 | D:1      | Reached skill level 4 in Unarmed Combat
   542 | D:1      | Reached XP level 3. HP: 13/28 MP: 6/6
  1035 | D:2      | Learned a level 3 spell: Spider Form
  1097 | D:2      | Found a faded altar of an unknown god.
  1120 | D:2      | Became a worshipper of Uskayaw the Reveler
  1120 | D:2      | Reached * piety under Uskayaw
  1160 | D:2      | Noticed Jessica
  1167 | D:2      | Killed Jessica
  1167 | D:2      | Reached XP level 4. HP: 22/35 MP: 7/7
  1167 | D:2      | Reached ** piety under Uskayaw
  1417 | D:2      | Reached skill level 5 in Unarmed Combat
  1581 | D:2      | Found a bloodstained altar of Trog.
  2136 | D:2      | Found a runed door.
  2349 | D:2      | Noticed Crazy Yiuf
  2357 | D:2      | Killed Crazy Yiuf
  2357 | D:2      | Reached skill level 1 in Invocations
  2357 | D:2      | Reached XP level 5. HP: 27/40 MP: 1/8
  2464 | D:3      | Found a bloodstained altar of Trog.
  2513 | D:3      | Noticed Ijyb
  2531 | D:3      | Killed Ijyb
  2532 | D:3      | Iwannabefree: RYADOVOI LASTNEIMOV
  2588 | D:3      | Iwannabefree: SHTO ZA IGRUSHKI TUT
  2614 | D:3      | Reached skill level 6 in Unarmed Combat
  2741 | D:3      | namelastname112: мне можно
  2788 | D:3      | Found an ancient bone altar of Kikubaaqudgha.
  3034 | D:3      | Iwannabefree: eshe ne ded vrode
  3104 | D:3      | Iwannabefree: nelzya
  3108 | D:3      | namelastname112: 28 полгода
  3342 | D:4      | Iwannabefree: kak budet polgoda togde i prihodi : ^)
  3446 | D:4      | Goblin1989: 28 лет
  3451 | D:4      | Goblin1989: ?
  3494 | D:4      | namelastname112: 28 декабря
  3494 | D:4      | namelastname112: полгода в армейке
  3494 | D:4      | Goblin1989: ааааааа
  3514 | D:4      | Noticed an ogre
  3523 | D:4      | Killed an ogre
  3523 | D:4      | Reached XP level 6. HP: 47/47 MP: 5/9
  3924 | D:4      | Iwannabefree: ваше отношение к ремуву эльфов и хуманификации огров?
  3942 | D:4      | namelastname112: лолчто
  3942 | D:4      | Iwannabefree: высоких
  3942 | D:4      | namelastname112: каких эльфов
  3942 | D:4      | namelastname112: а
  3942 | D:4      | Iwannabefree: выпилили
  3942 | D:4      | namelastname112: похуй
  3942 | D:4      | Iwannabefree: пидр
  3942 | D:4      | namelastname112: не нужны
  3942 | D:4      | Iwannabefree: я их любил!
  3942 | D:4      | namelastname112: главное чебы дракош и вампов не убрали
  3942 | D:4      | namelastname112: и котов
  3942 | D:4      | namelastname112: а так похуй
  3943 | D:4      | Iwannabefree: вампов реворк
  3954 | D:4      | Iwannabefree: такие нинужны
  3968 | D:4      | Iwannabefree: коты на фанится
  3980 | D:4      | Iwannabefree: др скучные
  4279 | D:4      | Reached *** piety under Uskayaw
  4284 | D:4      | Reached **** piety under Uskayaw
  4392 | D:4      | Noticed Pikel
  4392 | D:4      | Noticed a slave
  4392 | D:4      | Noticed a slave
  4392 | D:4      | Noticed a slave
  4393 | D:4      | Noticed Natasha
  4398 | D:4      | Noticed a slave
  4407 | D:4      | Killed a slave
  4416 | D:4      | Killed a slave
  4423 | D:4      | Killed a slave
  4439 | D:4      | Killed a slave
  4637 | D:4      | Your scales start taking on a glossy black colour.
  4637 | D:4      | Reached XP level 7. HP: 21/52 MP: 6/10
  4637 | D:4      | Gained mutation: You are resistant to electric shocks. (rElec) [Black Draconian growth]
  4875 | D:4      | Noticed Robin
  4891 | D:4      | Killed Robin
  5085 | D:4      | Learned a level 1 spell: Apportation
  5215 | D:4      | Killed Pikel
  5215 | D:4      | Reached skill level 7 in Unarmed Combat
  5215 | D:4      | Reached skill level 5 in Invocations
  5215 | D:4      | Reached XP level 8. HP: 40/59 MP: 11/11
  5249 | D:4      | Killed Natasha
  5471 | D:4      | Found a deep blue altar of Sif Muna.
  5473 | D:4      | Goblin1989: я думаю надо сделать вампирский вин один наверное
  5499 | D:4      | Goblin1989: гладиатора делать буду
  5499 | D:4      | namelastname112: играй с гозагом
  5499 | D:4      | namelastname112: вампом
  5499 | D:4      | namelastname112: ты наверное подумаешь, что я ебанутый
  5499 | D:4      | namelastname112: но это охуенно
  5499 | D:4      | namelastname112: базарю
  5514 | D:4      | Noticed Natasha
  5520 | D:4      | Killed Natasha
  5536 | D:5      | Entered Level 5 of the Dungeon
  5537 | D:5      | Goblin1989: ну я не настолько проскилованый как ты
  5550 | D:5      | Goblin1989: я видел твою игру немного
  5565 | D:5      | Goblin1989: я с окавару играть буду
  5774 | D:4      | Noticed Natasha
  5786 | D:4      | Killed Natasha
  5786 | D:4      | Reached skill level 5 in Transmutations
  6008 | D:5      | Reached skill level 8 in Unarmed Combat
  6203 | D:5      | Found a radiant altar of Vehumet.
  6258 | D:5      | Found a hazy altar of Hepliaklqana.
  6462 | D:5      | Gained mutation: Your spells are a little harder to cast, but a little more powerful. [potion of mutation]
  6462 | D:5      | Lost mutation: Your spells are a little harder to cast, but a little more powerful. [potion of mutation]
  6462 | D:5      | Gained mutation: Your spells are a little harder to cast, but a little more powerful. [potion of mutation]
  6463 | D:5      | Gained mutation: Your mind is acute. (Int +2) [potion of mutation]
  6463 | D:5      | Gained mutation: Your tail ends in a poisonous barb. [potion of mutation]
  6463 | D:5      | Gained mutation: You have a pair of small horns on your head. [potion of mutation]
  6478 | D:6      | Found an ancient bone altar of Kikubaaqudgha.
  6512 | D:6      | Noticed Sigmund
  6534 | D:6      | Goblin1989: мне ахуенно было VsBe играть с шортами
  6543 | D:6      | Killed Sigmund
  6746 | D:6      | Noticed Prince Ribbit
  6776 | D:6      | Killed Prince Ribbit
  6936 | D:6      | Reached XP level 9. HP: 42/64 MP: 14/14
  7511 | D:6      | Reached ***** piety under Uskayaw
  7513 | D:6      | namelastname112: еще бы
  7513 | D:6      | namelastname112: читерная тема
  7709 | D:7      | Noticed Menkaure
  7714 | D:7      | Killed Menkaure
  7758 | D:6      | Reached skill level 9 in Unarmed Combat
  8281 | D:7      | Found a staircase to the Ecumenical Temple.
  8339 | D:7      | Found a white marble altar of Elyvilon.
  8757 | D:7      | Found a basalt altar of Yredelemnul.
  9345 | D:8      | Found a staircase to the Lair.
  9383 | D:8      | Noticed Grum
  9410 | D:7      | HP: 3/64 [poisoned by a killer bee]
  9732 | D:8      | Reached XP level 10. HP: 60/71 MP: 16/16
 10062 | D:7      | Learned a level 1 spell: Confusing Touch
 10068 | D:7      | Learned a level 5 spell: Blade Hands
 10082 | D:7      | Killed Grum
 10105 | D:7      | Upgraded the game from 0.20-a0-303-g575bbf7 to 0.20-a0-432-g25cc1b4
 10919 | D:8      | Learned a level 2 spell: Repel Missiles
 11253 | D:9      | Found Tekkaer's Antique Armour Shop.
 11704 | D:9      | Noticed a two-headed ogre
 11711 | D:9      | Killed a two-headed ogre
 11924 | D:9      | Found a snail-covered altar of Cheibriados.
 11928 | D:9      | Found a hide-covered altar of Uskayaw.
 12047 | D:10     | Entered Level 10 of the Dungeon
 12253 | D:10     | Killed an unseen horror
 12253 | D:10     | Reached XP level 11. HP: 27/85 MP: 12/17
 12580 | D:10     | Reached skill level 5 in Fighting
 13494 | D:10     | Found a staircase to the Orcish Mines.
 13608 | D:11     | Noticed a red ugly thing
 13609 | D:11     | Found Pojustar's Antique Armour Shop.
 13613 | D:11     | HP: 3/88 [red ugly thing (22)]
 13621 | D:11     | Killed a red ugly thing
 13655 | D:11     | Found Fuosinog's Assorted Antiques.
 13673 | D:11     | Found Ahupus's Distillery.
 13705 | D:11     | Found Degiclehulu's Armour Shop.
 13723 | D:11     | Noticed a green ugly thing
 13733 | D:11     | Reached skill level 5 in Spellcasting
 13737 | D:11     | Killed a green ugly thing
 13737 | D:11     | Reached skill level 5 in Dodging
 13767 | D:11     | Found a labyrinth entrance.
 13776 | Lab      | Entered a labyrinth
 14295 | Lab      | Noticed a minotaur
 14407 | Lab      | Killed a minotaur
 14469 | Lab      | Identified Rejoageg's Papyrus of Moulding
 14474 | Lab      | Learned a level 2 spell: Passwall
 14519 | D:11     | Bought a potion of heal wounds for 80 gold pieces
 14519 | D:11     | Bought a potion of heal wounds for 80 gold pieces
 14519 | D:11     | Bought a potion of curing for 48 gold pieces
 14519 | D:11     | Bought a potion of resistance for 160 gold pieces
 14530 | D:11     | Noticed a cyan ugly thing
 14557 | D:11     | Killed a green ugly thing
 14711 | D:11     | Found Wusm's Magic Scroll Shoppe.
 14753 | D:11     | Noticed a two-headed ogre
 14764 | D:11     | Killed a two-headed ogre
 14957 | D:12     | Noticed a two-headed ogre
 14967 | D:12     | Killed a two-headed ogre
 15582 | D:12     | Noticed an eight-headed hydra
 15906 | D:12     | ReniFell: privet namir
 15948 | D:12     | ReniFell: kak tebe 0.20
 15962 | D:12     | namelastname112: чето огры двухголовые
 15962 | D:12     | namelastname112: того
 15962 | D:12     | namelastname112: охуевшие
 15962 | D:12     | ReniFell: eto da...
 16053 | D:12     | ReniFell: suka gidra...
 16438 | D:12     | Reached skill level 1 in Air Magic
 16442 | D:12     | Killed an unseen horror
 16455 | D:12     | Reached ****** piety under Uskayaw
 16467 | D:12     | Noticed a white ugly thing
 16490 | D:12     | Reached XP level 12. HP: 72/101 MP: 14/21
 16698 | D:12     | Noticed a death knight
 16818 | D:12     | ReniFell: buka batol!
 16822 | D:12     | Killed a death knight
 16895 | D:12     | Learned a level 3 spell: Regeneration
 17371 | D:12     | Reached skill level 1 in Charms
 17624 | Lair:1   | Entered Level 1 of the Lair of Beasts
 17650 | Lair:1   | Learned a level 4 spell: Ice Form
 17667 | Lair:1   | Noticed Nuatha's ghost (journeyman VSAK)
 17688 | Lair:1   | ReniFell: oh lol
 17717 | Lair:1   | Found a frozen archway.
 17720 | IceCv    | Entered an ice cave
 18498 | IceCv    | Noticed a death yak
 18498 | IceCv    | Noticed a white draconian
 18510 | IceCv    | Killed a death yak
 18510 | IceCv    | Reached skill level 10 in Fighting
 18514 | IceCv    | ReniFell: white against black...
 18519 | IceCv    | ReniFell: wow racism
 18521 | IceCv    | Killed a white draconian
 18887 | Lair:1   | ReniFell: ne ochen' cave
 18939 | Lair:1   | namelastname112: kal
 18981 | Lair:1   | Reached skill level 5 in Charms
 18981 | Lair:1   | Reached XP level 13. HP: 94/114 MP: 17/22
 19410 | Lair:1   | ReniFell: w o w
 20159 | Lair:1   | Killed Nuatha's ghost
 20159 | Lair:1   | Reached skill level 10 in Unarmed Combat
 20412 | Lair:2   | Got a sparkling platinum amulet
 20414 | Lair:2   | Identified the amulet of Intercession {Regen+ Dex+2} (You found it on level 2 of the Lair of Beasts)
 20482 | Lair:2   | ReniFell: nice wtuka
 20682 | Lair:2   | Found a hole to the Spider Nest.
 21055 | Lair:2   | ReniFell: pizdec on sil'niy
 21064 | Lair:2   | Found a staircase to the Swamp.
 21093 | Lair:2   | Reached skill level 11 in Unarmed Combat
 21115 | Lair:2   | ReniFell: a eti net
 21283 | Lair:2   | namelastname112: зато я хитрый
 21300 | Lair:2   | ReniFell: lul
 21417 | Lair:2   | Reached skill level 10 in Dodging
 21446 | Lair:2   | Goblin1989: привет нэйм
 21543 | Lair:3   | ReniFell: gobelen
 21580 | Lair:3   | ReniFell: kak novogod
 21584 | Lair:3   | ReniFell: ?
 21586 | Lair:3   | Goblin1989: и всех с новым годом, ребят
 21793 | Lair:3   | Goblin1989: высался наконец-то
 21827 | Lair:3   | ReniFell: ya tol'ko chto domoy priwel
 22022 | Lair:4   | ReniFell: chisla s 30
 22318 | Lair:4   | Reached skill level 12 in Unarmed Combat
 22335 | Lair:4   | ReniFell: kot smotrit na menya vzglyadom tipa "privet ty che ohuel"
 22343 | Lair:4   | Goblin1989: а я спал просто, ты не поверишь
 22916 | Lair:4   | ReniFell: vot ya na dr tak je spat' budu
 23023 | Lair:5   | ReniFell: primerno dvoe sutok
 23025 | Lair:5   | Gained mutation: Your large and strong wings let you fly indefinitely. [Black Draconian growth]
 23025 | Lair:5   | Reached XP level 14. HP: 103/122 MP: 18/23
 23034 | Lair:5   | ReniFell: do i posle
 23150 | Lair:5   | Noticed Kirke
 23174 | Lair:5   | ReniFell: a, net, eto vtornik...
 23174 | Lair:5   | Killed Kirke
 23175 | Lair:5   | ReniFell: suka
 23567 | Lair:6   | Entered Level 6 of the Lair of Beasts
 23613 | Lair:6   | Goblin1989: че-то намир сегодня какой-то молчаливый...
 23647 | Lair:6   | ReniFell: da
 23702 | Lair:6   | Reached skill level 13 in Unarmed Combat
 23867 | Lair:6   | ReniFell: usilenno tabaet
 23897 | Lair:6   | Goblin1989: нейм! ванду хила в транке убрали!!!!
 23898 | Lair:6   | ReniFell: pizdec
 23898 | Lair:6   | ReniFell: nahui tabat'
 23898 | Lair:6   | namelastname112: чего бля
 23898 | Lair:6   | ReniFell: eto je krab
 23898 | Lair:6   | Goblin1989: я серьезно
 23898 | Lair:6   | ReniFell: v tranke vse wands ubrali
 23898 | Lair:6   | ReniFell: jeltiye
 23899 | Lair:6   | Goblin1989: хил все- нет
 24056 | Lair:5   | ReniFell: iwan!
 24056 | Lair:5   | Iwannabefree: slovinskie
 24056 | Lair:5   | Goblin1989: хил, теле убрали, ДД переделали
 24056 | Lair:5   | Iwannabefree: yo
 24056 | Lair:5   | ReniFell: kak tvoy novogod
 24056 | Lair:5   | namelastname112: конченые
 24056 | Lair:5   | namelastname112: нахуй так делать
 24056 | Lair:5   | Iwannabefree: 0.19 the best
 24056 | Lair:5   | namelastname112: ни хасты, нихуя?
 24056 | Lair:5   | Iwannabefree: ONE AND ONLY
 24057 | Lair:5   | Iwannabefree: da
 24060 | Lair:6   | Goblin1989: потому что хил ненужен
 24061 | Lair:6   | Iwannabefree: ni rodov
 24078 | Lair:5   | ReniFell: ya dumal ty znaew'...
 24128 | Lair:6   | Iwannabefree: moy ng kak obichno
 24128 | Lair:6   | Iwannabefree: huevo
 24128 | Lair:6   | ReniFell: meh
 24137 | Lair:6   | HP: 5/122 [komodo dragon (12)]
 24137 | Lair:6   | Slain by a fire crab

Vault maps used:
D:1:      shiori_arrival_oz
D:2:      bloody_trog, chequers_ecumenical_altar_island,
          kennysheep_jessica_study, uniq_crazy_yiuf_cottage
D:3:      nicolae_overflow_hidden_temple, serial_forest,
          infiniplex_forest_corner_1, infiniplex_forest_end_2,
          infiniplex_forest_straight_2, infiniplex_forest_split,
          hangedman_decor_push, trog_three_pillars_becter, uniq_iyjb
D:4:      first_bread, led_sif_pool, uniq_robin, uniq_natasha, uniq_pikel
D:5:      old_standard_altar, lemuel_crystal_altar
D:6:      basic_altar, kennysheep_generic_room_11, uniq_sigmund,
          uniq_prince_ribbit1
D:7:      lemuel_zombie_altar_yredelemnul, elyvilon_altar_4, the_bakery,
          uniq_menkaure
D:8:      erik_lair_orcish_takeover, uniq_grum
D:9:      grunt_temple_overflow_open, serial_shops,
          nicolae_shop_overgrown_old_shop
D:10:     hiddenorc1_lemuel, lemuel_old_faithful
D:11:     lab_entry_generic, serial_shops, kennysheep_mini, shop, shop_statue,
          kennysheep_little_box, shop
D:12:     minmay_gold_behind_fungi
Lair:1:   special_room, portal_ice_cave_demonic_guard,
          minmay_lair_oklob_chamber, grunt_megastairs_5
Lair:2:   minmay_swamp_entry_worms, spider_nest_entry_funnel_web
Lair:5:   uniq_kirke
Lair:6:   hangedman_lair_tendril_chambers, minmay_slime_entry_oklob_open,
          st_stairs_10, infiniplex_staircase_pool, uniq_josephine
Lab:      labyrinth_spiral, nicolae_lab_blocks, nicolae_lab_plus,
          nicolae_lab_checkerboard, nicolae_lab_grate_2
IceCv:    ice_cave_caverns_03

Skill      XL: |  1  2  3  4  5  6  7  8  9 10 11 12 13 14 |
---------------+-------------------------------------------+-----
Unarmed Combat | 4 5 6 7 8 9 12 13 | 13.3
Invocations    | 1 2 3 5 6 8 |  8.8
Transmutations | 3 4 6 7 9 |  9.2
Dodging        | 4 6 8 10 11 | 11.0
Fighting       | 4 8 10 | 10.9
Spellcasting   | 4 6 |  6.5
Air Magic      | 2 4 |  4.0
Charms         | 5 |  5.8

Action                   |  1- 3 |  4- 6 |  7- 9 | 10-12 | 13-15 || total
-------------------------+-------+-------+-------+-------+-------++-------
Melee: Unarmed           |   121 |   275 |   495 |   651 |   520 ||  2062
       Tailslap          |     7 |    22 |    52 |    74 |    48 ||   203
       Punch             |     2 |     5 |    13 |    29 |    18 ||    67
       Headbutt          |       |       |    42 |   102 |    57 ||   201
 Cast: Spider Form       |       |     5 |     3 |     3 |     1 ||    12
       Sticks to Snakes  |       |     6 |     9 |    23 |     7 ||    45
       Blade Hands       |       |       |       |    32 |    47 ||    79
       Repel Missiles    |       |       |       |     4 |       ||     4
       Confusing Touch   |       |       |       |     5 |       ||     5
       Ice Form          |       |       |       |     2 |     4 ||     6
       Regeneration      |       |       |       |     2 |     2 ||     4
       Passwall          |       |       |       |     1 |       ||     1
Invok: Stomp             |       |     1 |     2 |     2 |     2 ||     7
       Line Pass         |       |       |     1 |       |       ||     1
 Abil: Breathe Lightning |       |       |     8 |     9 |     1 ||    18
       Fly               |       |       |       |       |     1 ||     1
Evoke: Wand              |       |       |       |     8 |       ||     8
  Use: Scroll            |       |     6 |    12 |     7 |     6 ||    31
       Potion            |       |     2 |     3 |     3 |     2 ||    10
 Stab: Sleeping          |     2 |       |       |       |     1 ||     3
       Paralysed         |       |     2 |    25 |    41 |    52 ||   120
       Distracted        |       |       |     1 |       |     1 ||     2
  Eat: Chunk             |     1 |     5 |    12 |    14 |    24 ||    56
       Royal jelly       |       |     1 |     1 |       |     4 ||     6
       Meat ration       |       |     1 |     1 |     6 |       ||     8
       Beef jerky        |       |       |     1 |       |     1 ||     2
Armor: Skin              |    37 |    48 |   145 |   171 |    99 ||   500
Dodge: Dodged            |    62 |   152 |   280 |   562 |   437 ||  1493
       Deflected         |       |       |       |     9 |     3 ||    12
